 Dungeon Crawl Stone Soup version 0.29-a0-330-g52719c12eb (webtiles) character file.

Game seed: 10360434391847252224

12407 HoaS the Grappler (level 11, -3/109 HPs)
             Began as a Troll Gladiator on May 21, 2022.
             Was a Priest of Makhleb.
             Slain by an eight-headed hydra (9 damage)
             ... on level 11 of the Dungeon.
             The game lasted 00:26:08 (7969 turns).

HoaS the Grappler (Troll Gladiator)                 Turns: 7969, Time: 00:26:09

Health: -3/109     AC:  6    Str: 24    XL:     11   Next: 62%
Magic:  10/10      EV: 14    Int:  4    God:    Makhleb [***...]
Gold:   739        SH:  0    Dex: 15    Spells: 10/10 levels left

rFire   . . .      SeeInvis +     - Unarmed
rCold   . . .      Faith    .   (no shield)
rNeg    . . .      Spirit   .   a - +0 robe
rPois   .          Reflect  .   b - +0 hat
rElec   .          Harm     .   f - +1 cloak
rCorr   .          Rampage  .   (gloves unavailable)
Will    .....                   (boots unavailable)
Stlth   +.........              C - amulet of the acrobat
HPRegen 1.08/turn               l - +4 ring of slaying
MPRegen 0.12/turn               e - ring of see invisible

@: no status effects
A: large, unfitting armour, claws 3, regeneration 1, shaggy fur 1, tough skin 1
a: Renounce Religion, Minor Destruction, Lesser Servant of Makhleb


You were on level 11 of the Dungeon.
You worshipped Makhleb.
Makhleb was most pleased with you.
You visited 2 branches of the dungeon, and saw 12 of its levels.

You collected 739 gold pieces.

Inventory:

Missiles
 d - 4 large rocks (quivered)
 n - 2 boomerangs of dispersal
 p - 11 boomerangs
 t - 18 atropa-tipped darts
 y - 14 poisoned darts
Armour
 a - a +0 robe (worn)
 b - a +0 hat (worn)
 f - a +1 cloak (worn)
 G - a +0 troll leather armour
Jewellery
 e - a ring of see invisible (right claw)
 l - a +4 ring of slaying (left claw)
 s - a ring of ice
 C - an amulet of the acrobat (around neck)
Wands
 c - a wand of polymorph (5)
 r - a wand of mindburst (19)
 v - a wand of iceblast (19)
 x - a wand of acid (9)
 B - a wand of charming (11)
 D - a wand of flame (55)
Scrolls
 q - 3 scrolls of teleportation
 u - 2 scrolls of fear
 A - a scroll of summoning
 E - 4 scrolls of blinking
 F - 2 scrolls of identify
Potions
 g - 5 potions of heal wounds
 h - a potion of haste
 i - 3 potions of curing
 j - 2 potions of berserk rage
 k - 3 potions of might
 m - 2 potions of flight
 o - 2 potions of attraction
 w - a potion of mutation
 z - 2 potions of lignification


   Skills:
 + Level 7.4 Fighting
 - Level 6.0 Throwing
 + Level 9.1 Dodging
 + Level 12.0 Unarmed Combat


You had 10 spell levels left.
You didn't know any spells.
Your spell library contained the following spells:

 Spells                   Type           Power      Damage    Failure   Level
 Animate Skeleton         Necr           0%         N/A       50%         1
 Apportation              Tloc           0%         N/A       50%         1
 Foxfire                  Conj/Fire      0%         2x1d4     50%         1
 Summon Small Mammal      Summ           0%         N/A       50%         1
 Corpse Rot               Necr/Air       0%         N/A       65%         2
 Poisonous Vapours        Pois/Air       0%         N/A       65%         2
 Sublimation of Blood     Necr           0%         N/A       65%         2
 Wereblood                Tmut           0%         N/A       65%         2
 Conjure Flame            Conj/Fire      0%         6-21      86%         3
 Gell's Gravitas          Tloc           0%         N/A       86%         3
 Inner Flame              Hex/Fire       0%         N/A       86%         3
 Lesser Beckoning         Tloc           0%         N/A       86%         3
 Stone Arrow              Conj/Erth      0%         3d7       86%         3
 Teleport Other           Tloc           0%         N/A       86%         3
 Animate Armour           Summ/Erth      0%         N/A       99%         4
 Dispel Undead            Necr           0%         3d6       99%         4
 Flame Wave               Conj/Fire      0%         2d4       99%         4
 Leda's Liquefaction      Hex/Erth       0%         N/A       99%         4
 Lee's Rapid Deconstruct  Erth           0%         3d5*      100%        5
 Summon Forest            Summ/Tloc      0%         N/A       100%        5
 Death Channel            Necr           0%         N/A       100%        6
 Eringya's Noxious Bog    Tmut/Pois      0%         N/A       100%        6
 Statue Form              Tmut/Erth      0%         N/A       100%        6
 Haunt                    Necr/Summ      0%         N/A       100%        7
 Summon Hydra             Summ           0%         N/A       100%        7
 Lehudib's Crystal Spear  Conj/Erth      0%         10d2      100%        8
 Chain Lightning          Conj/Air       0%         N/A       100%        9


Dungeon Overview and Level Annotations

Branches:
Dungeon (11/15)            Temple (1/1) D:5            Lair (0/6) D:10
    Orc: D:9-12

Altars:
Ashenzari
Cheibriados
Dithmenos
Elyvilon
Fedhas
Gozag
Hepliaklqana
Kikubaaqudgha
Makhleb
Nemelex Xobeh
Okawaru
Qazlal
Ru
Sif Muna
Trog
Uskayaw
Vehumet
Wu Jian
Xom
Yredelemnul
Zin
The Shining One
Lugonu

Shops:
D:7 (   D:9 :

Portals:
Abyss: D:3


Innate Abilities, Weirdness & Mutations

You are too large for most types of armour.
You have claws for hands.
Your natural rate of healing is unusually fast.
You are covered in fur. (AC +1)
You have tough skin. (AC +1)


Message History

An eight-headed hydra comes into view.
Throw: 6 large rocks
Press: ? - help, Q - select action, (/) - cycle Shift-Dir - straight line, f - eight-headed hydra
Aim: an eight-headed hydra (83% to hit)
You throw a large rock.
The large rock hits the eight-headed hydra!!
The eight-headed hydra is moderately wounded.
The eight-headed hydra barely misses you.
The eight-headed hydra bites you. The eight-headed hydra misses you.
The eight-headed hydra bites you! The eight-headed hydra bites you. x2
The eight-headed hydra bites you!
The eight-headed hydra bites you but does no damage. x2
The eight-headed hydra closely misses you.
The eight-headed hydra bites you! x2
The eight-headed hydra closely misses you.
The eight-headed hydra bites you. The eight-headed hydra bites you!
The eight-headed hydra closely misses you.
Throw: 5 large rocks
Press: ? - help, Q - select action, (/) - cycle Shift-Dir - straight line, f/p - eight-headed hydra
Aim: an eight-headed hydra (moderately wounded, 83% to hit)
You throw a large rock.
The large rock barely misses the eight-headed hydra.
The eight-headed hydra closely misses you.
The eight-headed hydra bites you. The eight-headed hydra bites you!
* * * LOW HITPOINT WARNING * * *
The eight-headed hydra bites you but does no damage.
The eight-headed hydra barely misses you.
The eight-headed hydra bites you!
* * * LOW HITPOINT WARNING * * *
The eight-headed hydra barely misses you.
The eight-headed hydra completely misses you.
The eight-headed hydra bites you!
* * * LOW HITPOINT WARNING * * *
The eight-headed hydra barely misses you.
The eight-headed hydra bites you.
* * * LOW HITPOINT WARNING * * *
The eight-headed hydra bites you.
* * * LOW HITPOINT WARNING * * *
The eight-headed hydra bites you!
You die...

### #(.#### #.....###
#..D....## #@....# ###
##.....## ##.##
####....#..# ##...#
##...#..#...#
#....###......##...#
##....###...####.###
##<.......^.# #.<#
#....#......####.#######
#######......#.#.###...##


You could see an eight-headed hydra.

Vanquished Creatures
  A centaur warrior (D:9)
  5 two-headed ogres
  2 cyclopes (D:9)
  A gargoyle (D:10)
  Joseph (D:7)
  A tengu conjurer (D:9)
  2 trolls
  A hornet (D:9)
  A vampire (D:9)
  8 yaks
  A shadow (D:9)
  3 wyverns
  2 wraiths
  A basilisk (D:9)
  2 steam dragons (D:9)
  2 wargs (D:10)
  An acid dragon (D:10)
  5 water moccasins
  Duvessa (D:4)
  A sky beast (D:6)
  5 orc warriors
  2 ice beasts
  An ogre (D:6)
  2 centaurs
  2 kobold brigands
  4 bullfrogs
  2 scorpions
  2 gnoll sergeants (D:9)
  5 wights (D:9)
  Dowan (D:4)
  A killer bee (D:9)
  4 howler monkeys
  2 jellies
  3 hounds
  2 gnoll shamans
  4 orc priests (D:10)
  Natasha (thrice) (D:4)
  4 iguanas
  10 orc wizards
  A centaur simulacrum (D:9)
  Robin (D:4)
  14 gnolls
  6 adders
  A shadow imp (D:6)
  A white imp (D:8)
  2 ufetubi
  3 dart slugs
  42 orcs
  6 bats
  7 endoplasms
  5 giant cockroaches
  12 goblins
  4 hobgoblins
  9 jackals
  20 kobolds
  A quokka (D:4)
  5 ball pythons
  6 frilled lizards
  5 rats
  A lurking horror (D:3)
253 creatures vanquished.

Vanquished Creatures (others)
  A giant cockroach (D:4)
  A lurking horror (D:3)
  7 plants (D:1)
9 creatures vanquished.

Grand Total: 262 creatures vanquished

Notes
Turn   | Place    | Note
-------+----------+-------------------------------------------
     0 | D:1      | HoaS the Troll Gladiator began the quest for the Orb.
     0 | D:1      | Reached XP level 1. HP: 19/19 MP: 0/0
   123 | D:1      | Reached XP level 2. HP: 27/27 MP: 1/1
   203 | D:1      | Reached skill level 4 in Unarmed Combat
   394 | D:1      | Reached XP level 3. HP: 33/33 MP: 2/2
   997 | D:2      | Reached skill level 5 in Unarmed Combat
   997 | D:2      | Reached XP level 4. HP: 41/41 MP: 3/3
  1567 | D:3      | Reached XP level 5. HP: 48/48 MP: 4/4
  1711 | D:3      | Reached skill level 6 in Unarmed Combat
  1919 | D:3      | Found a one-way gate to the infinite horrors of the Abyss.
  1920 | D:3      | Found a corrupted altar of Lugonu.
  2254 | D:4      | Noticed Robin
  2275 | D:4      | Reached XP level 6. HP: 57/57 MP: 5/5
  2299 | D:4      | Noticed Natasha
  2327 | D:4      | Killed Natasha
  2332 | D:4      | Killed Robin
  2393 | D:4      | Noticed Natasha
  2400 | D:4      | Killed Natasha
  2595 | D:4      | Noticed Duvessa
  2610 | D:4      | Noticed Dowan
  2616 | D:4      | Killed Duvessa
  2623 | D:4      | Killed Dowan
  2624 | D:4      | Reached XP level 7. HP: 66/66 MP: 6/6
  2710 | D:4      | Noticed Natasha
  2716 | D:4      | Killed Natasha
  2920 | D:5      | Entered Level 5 of the Dungeon
  3049 | D:5      | Noticed a wyvern
  3055 | D:5      | Killed a wyvern
  3056 | D:5      | Reached skill level 7 in Unarmed Combat
  3085 | D:5      | Found a glowing silver altar of Zin.
  3286 | D:5      | Found a staircase to the Ecumenical Temple.
  3292 | Temple   | Entered the Ecumenical Temple
  3381 | Temple   | Became a worshipper of Makhleb the Destroyer
  3464 | D:5      | Found a sacrificial altar of Ru.
  3560 | D:6      | Reached XP level 8. HP: 75/75 MP: 7/7
  3588 | D:6      | Reached skill level 5 in Dodging
  3588 | D:6      | Reached skill level 8 in Unarmed Combat
  3820 | D:6      | Found a stormy altar of Qazlal.
  4275 | D:7      | Found Jewuzal's Antique Weapon Emporium.
  4306 | D:7      | Noticed Joseph
  4314 | D:7      | Killed Joseph
  4315 | D:7      | Reached skill level 9 in Unarmed Combat
  4324 | D:7      | Found an ancient bone altar of Kikubaaqudgha.
  4463 | D:7      | Reached XP level 9. HP: 81/81 MP: 8/8
  4628 | D:7      | Reached * piety under Makhleb
  5038 | D:8      | Found an ornate altar of the Wu Jian Council.
  5141 | D:8      | Found a hide-covered altar of Uskayaw.
  5450 | D:8      | Found a shimmering blue altar of Sif Muna.
  5797 | D:9      | Noticed a two-headed ogre
  5816 | D:8      | Killed a two-headed ogre
  5816 | D:8      | Reached ** piety under Makhleb
  5817 | D:8      | Reached skill level 10 in Unarmed Combat
  5860 | D:9      | Reached skill level 5 in Throwing
  5860 | D:9      | Reached XP level 10. HP: 83/94 MP: 9/9
  5864 | D:9      | Noticed a two-headed ogre
  5869 | D:9      | Killed a two-headed ogre
  5870 | D:9      | Reached skill level 5 in Fighting
  5913 | D:9      | Noticed a two-headed ogre
  5922 | D:9      | Killed a two-headed ogre
  6017 | D:9      | Noticed a two-headed ogre
  6040 | D:9      | Killed a two-headed ogre
  6330 | D:9      | Found a bloodstained altar of Trog.
  6525 | D:9      | Noticed a centaur warrior
  6543 | D:9      | Killed a centaur warrior
  6544 | D:9      | Reached skill level 11 in Unarmed Combat
  6552 | D:9      | Reached XP level 11. HP: 83/105 MP: 10/10
  6693 | D:9      | Found Dixtocog's Book Boutique.
  6711 | D:9      | Noticed a two-headed ogre
  6715 | D:9      | Killed a two-headed ogre
  6729 | D:9      | Identified the +7 hand crossbow of Poneogoenk {freeze,
                  | rPois}
  6743 | D:9      | Got the Disquisition on Sinister Arts and Feathers
  6805 | D:9      | Reached *** piety under Makhleb
  6985 | D:10     | Entered Level 10 of the Dungeon
  6991 | D:10     | Found a broken altar of Ashenzari.
  7167 | D:10     | Found a staircase to the Lair.
  7917 | D:10     | Reached skill level 12 in Unarmed Combat
  7967 | D:11     | Noticed an eight-headed hydra
  7969 | D:11     | Slain by an eight-headed hydra

Illustrated notes

Levels and vault maps discovered:
D:1:      nicolae_arrival_memento_mori, layout_loops_cross,
          lexackson_kobold_supper
D:2:      layout_basic
D:3:      layout_loops_cross, amcnicky_altar_lugonu_corruption
D:4:      layout_basic, grunt_decor_cap, lemuel_old_faithful, uniq_duvessa,
          uniq_robin, uniq_natasha
D:5:      layout_rooms, zin_statuary, kennysheep_mini, minmay_temple_entry_ruins
D:6:      layout_loops_cross, mainiacjoe_overflow_small_starburst
D:7:      layout_loops_ring, general_overflow_altar, serial_shops,
          nicolae_shop_hallway_stairs, uniq_joseph
D:8:      layout_gridville, lemuel_blue_sif_altar, old_standard_altar,
          overflow_temple_1_default, serial_park_tiny_pond, st_stairs_3
D:9:      minmay_the_grid_octo_tiled_octocenter [minmay_the_grid_octo_odd_swirl,
          minmay_the_grid_octo_empty, minmay_the_grid_octo_clover_2,
          minmay_the_grid_octo_vomiting_pacman,
          minmay_the_grid_octo_prize_big_c, minmay_the_grid_square_5x5_bridge,
          minmay_the_grid_square_5x5_seven,
          minmay_the_grid_square_5x5_three_walls,
          minmay_the_grid_square_5x5_comb], layout_basic, amcnicky_altar_gilded,
          serial_shops, shop
D:10:     layout_cave_pools, old_standard_altar, erik_lair_orcish_takeover,
          roderic_three_in_a_row
D:11:     layout_cave_pools, david_orc_1_choice
Temple:   dshaligram_water_room_temple

Skill      XL: |  1  2  3  4  5  6  7  8  9 10 11 |
---------------+----------------------------------+-----
Unarmed Combat | 4 5 6 7 9 10 11 12 | 12.0
Throwing       | 2 3 5 6 |  6.0
Fighting       | 2 3 4 6 7 |  7.4
Dodging        | 3 4 6 7 8 9 |  9.1

Action                   |  1- 3 |  4- 6 |  7- 9 | 10-12 || total
-------------------------+-------+-------+-------+-------++-------
Melee: Unarmed           |   112 |   101 |   190 |   204 ||   607
       Punch             |     1 |     2 |    11 |     8 ||    22
Throw: Dart              |       |     2 |     1 |     7 ||    10
       Throwing net      |       |     1 |     2 |       ||     3
       Boomerang         |       |       |       |    25 ||    25
       Large rock        |       |       |       |     2 ||     2
Evoke: Wand              |       |       |     1 |     2 ||     3
  Use: Scroll            |     6 |     3 |     9 |     7 ||    25
       Potion            |       |       |       |     3 ||     3
 Stab: Sleeping          |       |     2 |     3 |       ||     5
       Held in net/web   |       |       |     3 |       ||     3
Armor: Robe              |    42 |    23 |    32 |    42 ||   139
Dodge: Dodged            |    58 |    32 |    87 |   134 ||   311

Table legend: (Time is in decaauts)
 A = Elapsed time spent in this place.
 B = Non-inter-level travel time spent in this place.
 C = Inter-level travel time spent in this place.
 D = Time resting spent in this place.
 E = Time spent auto-exploring this place.
 F = Levels seen in this place.
 G = Mean time per level.
                   A        B        C        D        E       F      G
               +--------+--------+--------+--------+--------+-----+--------+
         Total |   7885 |   7700 |    185 |    688 |   5351 |  12 |  657.1 |
       Dungeon |   7779 |   7610 |    169 |    688 |   5291 |  11 |  707.2 |
        Temple |    105 |     89 |     16 |      0 |     60 |   1 |  105.0 |
               +--------+--------+--------+--------+--------+-----+--------+

Top non-repeatable levels by time:
     D:9: 1256 daAuts
     D:8: 875 daAuts
    D:10: 788 daAuts
     D:2: 777 daAuts
     D:1: 770 daAuts
     D:4: 744 daAuts
     D:7: 701 daAuts
     D:3: 644 daAuts
     D:6: 618 daAuts
     D:5: 476 daAuts
    D:11: 124 daAuts
  Temple: 105 daAuts
